 Dungeon Crawl Stone Soup version 0.29-a0-231-g945431f764 (webtiles) character file.

Game seed: 11167793489319796575

1262 Crownlay the Storyteller (level 8, -7/68 HPs)
             Began as a Troll Hedge Wizard on Feb 28, 2022.
             Was a Believer of Hepliaklqana.
             Mangled by a two-headed ogre
             ... wielding a +0 giant spiked club
              (9 damage)
             ... on level 6 of the Dungeon.
             The game lasted 00:09:23 (3724 turns).

Crownlay the Storyteller (Troll Hedge Wizard)       Turns: 3724, Time: 00:09:23

Health: -7/68      AC: 11    Str: 24    XL:     8   Next: 27%
Magic:  11/11      EV: 10    Int: 10    God:    Hepliaklqana [**....]
Gold:   204        SH:  0    Dex: 13    Spells: 8/11 levels left

rFire   . . .      SeeInvis .   b - +4 scythe (vorpal)
rCold   . . .      Faith    .   (shield currently unavailable)
rNeg    . . .      Spirit   .   g - +2 robe of Dogma {Harm Str+3 Dex+4}
rPois   .          Reflect  .   c - +0 hat
rElec   .          Harm     +   f - +0 cloak
rCorr   .          Rampage  .   (gloves unavailable)
Will    .....                   (boots unavailable)
Stlth   ++........              (no amulet)
HPRegen 1.01/turn               d - +4 ring of protection
MPRegen 0.12/turn               (no ring)

@: no status effects
A: reduced essence, large, unfitting armour, claws 3, regeneration 1, shaggy fur
1, tough skin 1
a: Renounce Religion, Recall Ancestor, Ancestor Identity


You were on level 6 of the Dungeon.
You worshipped Hepliaklqana.
Hepliaklqana was pleased with you.
You visited 1 branch of the dungeon, and saw 6 of its levels.

You collected 204 gold pieces.

Inventory:

Hand Weapons
 b - a +4 vorpal scythe (weapon)
Missiles
 a - 5 atropa-tipped darts
Armour
 c - a +0 hat (worn)
 f - a +0 cloak (worn)
 g - the +2 robe of Dogma (worn) {Harm Str+3 Dex+4}
   (You found it on level 2 of the Dungeon)

   Str:       It affects your strength (+3).
   Dex:       It affects your dexterity (+4).
   Harm:      It increases damage dealt and taken.
Jewellery
 d - a +4 ring of protection (left claw)
Wands
 j - a wand of iceblast (10)
Scrolls
 i - a scroll of blinking
 k - a scroll of fog {unknown}
 o - a scroll of enchant weapon {unknown}
 q - a scroll of teleportation {unknown}
Potions
 e - a potion of curing
 h - a potion of mutation {unknown}
 m - a potion of ambrosia {unknown}
 n - a potion of flight {unknown}
 p - a potion of magic {unknown}


   Skills:
 + Level 3.6 Fighting
 + Level 2.7 Throwing
 - Level 1.5 Dodging
 - Level 1.0 Stealth
 + Level 4.4 Unarmed Combat
 - Level 2.1 Spellcasting
 - Level 0.6 Conjurations
 - Level 0.6 Summonings
 - Level 0.6 Translocations
 * Level 5.4 Invocations
 + Level 1.4 Evocations


You had 8 spell levels left.
You knew the following spells:

 Your Spells              Type           Power      Damage    Failure   Level
a - Magic Dart            Conj           8%         1d3       24%         1
b - Blink                 Tloc           4%         N/A       36%         2

Your spell library contained the following spells:

 Spells                   Type           Power      Damage    Failure   Level
 Slow                     Hex            4%         N/A       30%         1
 Call Imp                 Summ           2%         N/A       36%         2
 Conjure Flame            Conj/Fire      1%         6-21      63%         3
 Mephitic Cloud           Conj/Pois/Air  1%         N/A       65%         3
 Ignite Poison            Fire/Tmut/Pois 1%         N/A       67%         3
 Freezing Cloud           Conj/Ice/Air   0%         6-21      100%        5


Dungeon Overview and Level Annotations

Branches:
Dungeon (6/15)
 Temple: D:4-7

Altars:
Hepliaklqana

Annotations:
D:2 1 runed translucent door, Crazy Yiuf


Innate Abilities, Weirdness & Mutations

Your life essence is reduced to manifest your ancestor. (-10% HP)
You are too large for most types of armour.
You have claws for hands.
Your natural rate of healing is unusually fast.
You are covered in fur. (AC +1)
You have tough skin. (AC +1)


Message History

Items here: )) ††.
Done exploring.
Done exploring.
Done exploring.
Done exploring.
Done exploring.
Done exploring.
Okay, then.
(D) Dungeon
Where to? (Enter - D:5, ? - help)
You see here a +0 giant club.
Items here: )) ††.
Things that are here:
a +0 spear; a gnoll corpse
There is a stone staircase leading down here.
You climb downwards.
You hear the sound of rushing water.
There is an entrance to a sewer on this level.
Hurry and find it before the portal rusts away!
There is a stone staircase leading up here.
Okay, then.
You open the door.
There is an open door here.
You open the door.
A two-headed ogre comes into view.
It is wielding a +0 giant spiked club and a +0 giant club.
The two-headed ogre shouts in stereo!
You hear an angry hiss.
An iguana comes into view.
Found a scroll labelled ICU HOSIELE.
The iguana hisses angrily.
There is an open door here.
You hit the two-headed ogre but do no damage.
The two-headed ogre barely misses you.
The two-headed ogre hits you but does no damage.
You barely miss the two-headed ogre.
The two-headed ogre hits you with a +0 giant spiked club!!
The two-headed ogre hits you with a +0 giant club!
The iguana bites you!
The two-headed ogre hits you with a +0 giant spiked club!!
* * * LOW HITPOINT WARNING * * *
The two-headed ogre hits you with a +0 giant club!
You die...

.........#
.........#
.........#
.........#
.........#
.........#
..?...lO.#####
#@##...####
####R##.#.##.#
#.......#.##.###
#########......#
######'##
#......#
#....<.#
#......#
#......#


You could see the friendly Huemac the knight, a two-headed ogre (ally target)
and an iguana.

Vanquished Creatures
  Sigmund (D:3)
  A water moccasin (D:4)
  3 ogres
  2 wights (D:4)
  An orc priest (D:5)
  Jessica (D:2)
  3 iguanas (D:5)
  Terence (D:3)
  A gnoll (D:5)
  5 adders
  A white imp (D:5)
  2 worms
  A dart slug (D:1)
  4 orcs
  2 endoplasms
  6 giant cockroaches
  6 goblins
  8 hobgoblins
  4 jackals (D:3)
  6 quokkas
  10 ball pythons
  3 bats
  2 frilled lizards
  7 kobolds
  4 rats
85 creatures vanquished.

Vanquished Creatures (collateral kills)
  A necrophage (D:4)
  3 wights (D:4)
  2 hounds (D:5)
  2 orc wizards (D:5)
  2 gnolls (D:5)
  An adder (D:4)
  2 orcs (D:5)
  A bat (D:2)
  2 kobolds
16 creatures vanquished.

Vanquished Creatures (others)
  2 knights (D:4)
  An ancestor (D:3)
3 creatures vanquished.

Grand Total: 104 creatures vanquished

Notes
Turn   | Place    | Note
-------+----------+-------------------------------------------
     0 | D:1      | Crownlay the Troll Hedge Wizard began the quest for the
                  | Orb.
     0 | D:1      | Reached XP level 1. HP: 16/16 MP: 2/2
   147 | D:1      | Reached skill level 1 in Unarmed Combat
   182 | D:1      | Reached XP level 2. HP: 26/26 MP: 0/4
   185 | D:1      | Learned a level 2 spell: Blink
   340 | D:1      | Reached skill level 1 in Fighting
   655 | D:1      | Found a faded altar of an unknown god.
   723 | D:1      | Prayed at the altar of an unknown god.
   723 | D:1      | Became a worshipper of Hepliaklqana the Forgotten
   723 | D:1      | Reached * piety under Hepliaklqana
  1011 | D:2      | Reached XP level 3. HP: 29/29 MP: 5/5
  1105 | D:2      | Noticed Jessica
  1118 | D:2      | Killed Jessica
  1119 | D:2      | Reached skill level 1 in Invocations
  1236 | D:2      | Identified the +2 robe of Dogma {Harm Str+3 Dex+4}
  1365 | D:2      | Reached XP level 4. HP: 36/36 MP: 6/6
  1396 | D:2      | Found a runed translucent door.
  1397 | D:2      | Noticed Crazy Yiuf
  1951 | D:3      | Noticed Sigmund
  1977 | D:3      | Killed Sigmund
  1978 | D:3      | Reached skill level 3 in Invocations
  1978 | D:3      | Reached XP level 5. HP: 9/45 MP: 7/7
  2120 | D:3      | Reached ** piety under Hepliaklqana
  2121 | D:3      | Remembered your ancestor Huemac as a knight
  2152 | D:3      | Noticed Terence
  2157 | D:3      | Killed Terence
  2158 | D:3      | Reached XP level 6. HP: 46/53 MP: 8/8
  2657 | D:4      | Noticed a water moccasin
  2670 | D:4      | Killed a water moccasin
  2778 | D:4      | Reached skill level 1 in Throwing
  2799 | D:4      | Reached skill level 4 in Invocations
  2799 | D:4      | Reached XP level 7. HP: 56/59 MP: 5/9
  3151 | D:5      | Entered Level 5 of the Dungeon
  3229 | D:5      | Reached skill level 1 in Evocations
  3231 | D:5      | Reached skill level 5 in Invocations
  3231 | D:5      | Reached XP level 8. HP: 16/67 MP: 10/10
  3721 | D:6      | Noticed a two-headed ogre
  3724 | D:6      | HP: 2/68 [two-headed ogre/+0 giant spiked club (21)]
  3724 | D:6      | Mangled by a two-headed ogre

Illustrated notes

Levels and vault maps discovered:
D:1:      lightli_arrival_windingriver, layout_basic,
          shapermc_ecumenical_altar_notcrosses, kennysheep_small_spiral
D:2:      layout_loops_ring, uniq_crazy_yiuf_cottage, uniq_jessica
D:3:      layout_basic, hangedman_decor_points, uniq_sigmund, uniq_terence
D:4:      layout_cave_pools, serial_bayou_crossing
D:5:      layout_rooms
D:6:      layout_basic, cheibrodos_sewer_entry_drain

Skill      XL: |  1  2  3  4  5  6  7 |
---------------+----------------------+-----
Unarmed Combat | 1 2 3 4 |  4.4
Fighting       | 1 2 3 |  3.6
Invocations    | 1 3 4 5 |  5.4
Throwing       | 1 2 |  2.7
Evocations     | 1 |  1.4
Dodging        | |  1.5
Stealth        | |  1.0
Spellcasting   | |  2.1
Conjurations   | |  0.6
Summonings     | |  0.6
Translocations | |  0.6

Action                   |  1- 3 |  4- 6 |  7- 9 || total
-------------------------+-------+-------+-------++-------
Melee: Unarmed           |    79 |    51 |       ||   130
       Punch             |     2 |     2 |       ||     4
       Scythe            |       |    37 |    58 ||    95
 Cast: Magic Dart        |    13 |     4 |     5 ||    22
Invok: Ancestor Identity |     2 |     1 |       ||     3
       Recall Ancestor   |     1 |     1 |     1 ||     3
       Ancestor Life: Kn |       |     1 |       ||     1
  Use: Scroll            |       |     3 |     1 ||     4
       Potion            |       |       |     1 ||     1
 Stab: Sleeping          |     1 |     6 |     1 ||     8
Armor: Robe              |    33 |    53 |    40 ||   126
Dodge: Dodged            |    36 |    49 |    57 ||   142

Table legend: (Time is in decaauts)
 A = Elapsed time spent in this place.
 B = Non-inter-level travel time spent in this place.
 C = Inter-level travel time spent in this place.
 D = Time resting spent in this place.
 E = Time spent auto-exploring this place.
 F = Levels seen in this place.
 G = Mean time per level.
                   A        B        C        D        E       F      G
               +--------+--------+--------+--------+--------+-----+--------+
         Total |   3829 |   3678 |    151 |      0 |   2934 |   6 |  638.2 |
       Dungeon |   3829 |   3678 |    151 |      0 |   2934 |   6 |  638.2 |
               +--------+--------+--------+--------+--------+-----+--------+

Top non-repeatable levels by time:
     D:1: 1005 daAuts
     D:3: 857 daAuts
     D:2: 769 daAuts
     D:4: 586 daAuts
     D:5: 585 daAuts
     D:6: 24 daAuts
